 Dungeon Crawl Stone Soup version 0.24.0-37-gcf1ca852f1 (webtiles) character file.

Game seed: 12843387811676481877, levelgen mode: deterministic

153 Curus the Slasher (level 5, -5/42 HPs)
             Began as a Minotaur Gladiator on Nov 24, 2019.
             Slain by an ogre
             ... wielding a +0 giant club
              (13 damage)
             ... on level 3 of the Dungeon.
             The game lasted 00:07:47 (1846 turns).

Curus the Slasher (Minotaur Gladiator)              Turns: 1846, Time: 00:07:47

Health: -5/42      AC:  4    Str: 15 (18) XL:     5   Next: 12%
Magic:  4/4        EV: 12    Int:  4 (6)  God:
Gold:   96         SH:  0    Dex: 11 (12) Spells: 4/4 levels left

rFire    . . .     SeeInvis .   a - +0 long sword
rCold    + . .     Gourm    .   (no shield)
rNeg     . . .     Faith    .   b - +0 leather armour
rPois    +         Spirit   .   c - +0 hat
rElec    .         Reflect  .   (no cloak)
rCorr    .         Harm     .   (no gloves)
MR       .....                  h - +0 pair of boots
Stlth    +.........             (no amulet)
HPRegen  0.14/turn              e - ring of poison resistance
MPRegen  0.09/turn              k - ring of protection from cold

@: no status effects
A: retaliatory headbutt, horns 2
a: no special abilities


You were on level 3 of the Dungeon.
You were not hungry.

You visited 1 branch of the dungeon, and saw 3 of its levels.

You collected 96 gold pieces.

Inventory:

Hand Weapons
 a - a +0 long sword (weapon)
Missiles
 d - 3 throwing nets (quivered)
Armour
 b - a +0 leather armour (worn)
 c - a +0 hat (worn)
 h - a +0 pair of boots (worn)
Jewellery
 e - a ring of poison resistance (left hand)
 k - a ring of protection from cold (right hand)
Scrolls
 g - 5 scrolls of identify
Potions
 i - a potion of might
 j - 2 potions of heal wounds
Comestibles
 f - 5 rations


   Skills:
 - Level 2.4 Fighting
 + Level 7.1 Long Blades
 - Level 2.0 Throwing
 - Level 3.2 Dodging


You had 4 spell levels left.
You didn't know any spells.
Your spell library was empty.

Dungeon Overview and Level Annotations

Branches:
Dungeon (3/15)

Altars:


Innate Abilities, Weirdness & Mutations

You reflexively headbutt those who attack you in melee.
You have a pair of horns on your head.


Message History

You barely miss the ogre. The ogre barely misses you.
You hit the ogre.
You headbutt the ogre, but do no damage.
The ogre is lightly wounded.
The ball python bites you.
* * * LOW HITPOINT WARNING * * *
The ball python barely misses you. The ball python barely misses you.
You furiously retaliate!
You headbutt the ball python!
You kill the ball python!
Found 19 stones.
The ogre hits you with a +0 giant club.
* * * LOW HITPOINT WARNING * * *
You slash the ogre!
The ogre is heavily wounded.
You slash the ogre!
You headbutt the ogre, but do no damage.
The ogre is almost dead.
The ogre hits you with a +0 giant club!
You die...

#.............. .
#............##. .....
#####!.†.......... .>..
................#####... .
....................... .#
................##....##...
.#........##.#.###.........
#........##O#.###....#....
#........##@#.....<.......
..............####........
......#...................
.....#...................
(.. #...................
#...................
#...................
#...................
#...................


You could see an ogre.

Vanquished Creatures
  Terence (D:2)
  A worker ant zombie (D:2)
  2 adders (D:2)
  3 gnolls (D:2)
  An adder zombie (D:2)
  2 adder skeletons (D:2)
  A worm (D:2)
  An orc (D:3)
  2 ball pythons
  A bat zombie (D:2)
  4 giant cockroaches
  6 goblins
  3 hobgoblins
  3 jackals (D:1)
  6 bats
  2 frilled lizards (D:2)
  3 giant cockroach zombies (D:2)
  A jackal zombie (D:2)
  9 kobolds
  2 leopard gecko skeletons (D:2)
  A quokka zombie (D:2)
  5 rats
60 creatures vanquished.

Notes
Turn   | Place    | Note
-------+----------+-------------------------------------------
     0 | D:1      | Curus the Minotaur Gladiator began the quest for the Orb.
     0 | D:1      | Reached XP level 1. HP: 18/18 MP: 0/0
   147 | D:1      | Reached skill level 4 in Long Blades
   164 | D:1      | Reached XP level 2. HP: 25/25 MP: 1/1
   811 | D:2      | Reached skill level 5 in Long Blades
   828 | D:2      | Reached XP level 3. HP: 30/30 MP: 2/2
  1126 | D:2      | Reached skill level 6 in Long Blades
  1126 | D:2      | Reached XP level 4. HP: 31/37 MP: 3/3
  1340 | D:2      | Noticed Terence
  1347 | D:2      | Killed Terence
  1357 | D:2      | Reached skill level 7 in Long Blades
  1357 | D:2      | Reached XP level 5. HP: 18/42 MP: 4/4
  1831 | D:3      | Noticed an ogre
  1846 | D:3      | Slain by an ogre

Levels and vault maps discovered:
D:1:      evilmike_arrival_crescent, layout_basic
D:2:      layout_basic, first_ration, serial_undead, serial_undead_b,
          serial_undead_f, serial_undead_b, serial_undead_e, serial_undead_c,
          serial_undead_c, serial_undead_a, serial_undead_e, serial_undead_e,
          serial_undead_a, minmay_strange_pillars, uniq_terence
D:3:      layout_basic, gammafunk_temple_overflow_wave

Skill      XL: |  1  2  3  4 |
---------------+-------------+-----
Long Blades    | 4 5 6 7 |  7.1
Fighting       | |  2.4
Throwing       | |  2.0
Dodging        | |  3.2

Action                   |  1- 3 |  4- 6 || total
-------------------------+-------+-------++-------
Melee: Long sword        |    72 |    43 ||   115
       Headbutt          |    11 |     6 ||    17
  Use: Potion            |     3 |     1 ||     4
       Scroll            |     2 |     2 ||     4
  Eat: Chunk             |     1 |     2 ||     3
Armor: Leather armour    |    20 |     7 ||    27
Dodge: Dodged            |    37 |    34 ||    71
       Rpst.: Long sword |    12 |     5 ||    17
